 Dungeon Crawl Stone Soup version 0.29-a0-1027-gcd8c55af63 (webtiles) character file.

Game seed: 391750648147399443

10521 tatocazan the Timeless (level 11, -1/86 HPs)
             Began as a Demonspawn Fighter on Aug 12, 2022.
             Was a High Priest of Cheibriados.
             Slain by a boulder beetle (16 damage)
             ... on level 11 of the Dungeon.
             The game lasted 00:15:54 (15413 turns).

tatocazan the Timeless (Demonspawn Fighter)        Turns: 15413, Time: 00:15:55

Health: -1/86      AC: 21    Str: 31 (32) XL:     11   Next: 37%
Magic:  20/20      EV:  8    Int: 22 (23) God:    Cheibriados [*****.]
Gold:   1008       SH:  6    Dex: 23 (24) Spells: 10/10 levels left

rFire   . . .      SeeInvis .   a - +1 war axe (protect)
rCold   . . .      Faith    .   c - +0 buckler
rNeg    . . .      Spirit   .   F - +0 plate armour
rPois   .          Reflect  .   (no helmet)
rElec   .          Harm     .   v - +0 cloak
rCorr   .          Rampage  .   (no gloves)
Will    +....                   (no boots)
Stlth   ..........              (no amulet)
HPRegen 0.24/turn               H - +4 ring of slaying
MPRegen 0.17/turn               q - ring of willpower

@: under a protective aura, very slow
A: claws 2, demonic guardian 2, sturdy frame 2, talons 1, deterioration 1
a: Renounce Religion, Bend Time, Temporal Distortion, Slouch, Step From Time


You were on level 11 of the Dungeon.
You worshipped Cheibriados.
Cheibriados was extremely pleased with you.
You visited 2 branches of the dungeon, and saw 12 of its levels.
You also visited: Ossuary.

You collected 1078 gold pieces.
You spent 70 gold pieces at shops.

Inventory:

Hand Weapons
 a - a +1 war axe of protection (weapon)
 E - a +2 hand axe of venom
Missiles
 u - 11 poisoned darts (quivered)
Armour
 c - a +0 buckler (worn)
 v - a +0 cloak (worn)
 C - the +1 chain mail "Dafeothe" {rElec}
   (You found it on level 7 of the Dungeon)

   rElec:     It insulates you from electricity.
 F - a +0 plate armour (worn)
Jewellery
 b - a ring of protection from fire
 f - a ring of see invisible
 k - a ring of wizardry
 m - a ring of protection from cold
 q - a ring of willpower (right claw)
 t - a ring of resist corrosion
 H - a +4 ring of slaying (left claw)
Wands
 j - a wand of roots (10)
 G - a wand of charming (17)
Scrolls
 e - 3 scrolls of enchant weapon
 l - 3 scrolls of poison
 o - 3 scrolls of enchant armour
 s - 3 scrolls of teleportation
 y - a scroll of butterflies {unknown}
 D - a scroll of amnesia {unknown}
 J - 2 scrolls of identify
 K - a scroll of silence {unknown}
Potions
 d - 2 potions of might
 g - 4 potions of attraction
 h - 4 potions of curing
 i - 2 potions of ambrosia {unknown}
 n - 3 potions of heal wounds
 p - 2 potions of mutation
 r - a potion of invisibility {unknown}
 w - a potion of magic {unknown}
 x - 3 potions of lignification {unknown}
 z - a potion of flight {unknown}
 A - a potion of resistance {unknown}
 B - a potion of brilliance {unknown}
 I - a potion of haste {unknown}


   Skills:
 + Level 8.1 Fighting
 * Level 9.6 Axes
 + Level 7.5 Armour
 * Level 4.8 Shields
 + Level 12.2 Invocations


You had 10 spell levels left.
You didn't know any spells.
Your spell library contained the following spells:

 Spells                   Type           Power      Damage    Failure   Level
 Beastly Appendage        Tmut           0%         N/A       58%         1
 Shock                    Conj/Air       0%         1d3       58%         1
 Slow                     Hex            0%         N/A       58%         1
 Sting                    Tmut/Pois      0%         1d3       58%         1
 Poisonous Vapours        Pois/Air       0%         N/A       75%         2
 Conjure Flame            Conj/Fire      0%         6-21      92%         3
 Ignite Poison            Fire/Tmut/Pois 0%         N/A       92%         3
 Ozocubu's Armour         Ice            0%         N/A       92%         3
 Stone Arrow              Conj/Erth      0%         3d7       92%         3
 Swiftness                Air            0%         N/A       92%         3
 Airstrike                Air            0%         2d(0-16)  100%        4
 Animate Armour           Summ/Erth      0%         N/A       100%        4
 Olgreb's Toxic Radiance  Pois           0%         N/A       100%        4
 Sticky Flame             Conj/Fire      0%         2d3       100%        4
 Summon Lightning Spire   Summ/Air       0%         N/A       100%        4
 Ozocubu's Refrigeration  Ice            0%         4d7       100%        7
 Storm Form               Tmut/Air       0%         N/A       100%        7
 Lehudib's Crystal Spear  Conj/Erth      0%         10d2      100%        8
 Maxwell's Capacitive Co  Air            0%         ∞         100%        8


Dungeon Overview and Level Annotations

Branches:
Dungeon (11/15)            Temple (0/1) D:6            Lair (0/5) D:11
    Orc (1/2) D:10        Ossuary (visited)

Altars:
Cheibriados
Dithmenos
Hepliaklqana
Kikubaaqudgha
Nemelex Xobeh
Sif Muna
Trog
Uskayaw
Vehumet

Shops:
D:2 [   Orc:1 [*

Annotations:
D:3 3 runed translucent doors, Sabo's ghost, weakling DsIE
D:4 1 runed translucent door, drpainis's ghost, amateur HOFi


Innate Abilities, Weirdness & Mutations

You have very sharp fingernails.
A demonic guardian rushes to your aid.
Your movements are less encumbered by armour. (ER -4)
You have sharp toenails.
Your body sometimes deteriorates upon taking damage.


Message History

No target in view!
No target in view!
No target in view!
No target in view!
G - a wand of charming (17) (gained 5 charges) Key pressed, stopping explore.
Found a stone staircase leading down.
Health restored: 86
There is a stone staircase leading down here.
Found a stone staircase leading down.
Found a stone staircase leading down.
A boulder beetle comes into view.
The boulder beetle leaps!
The boulder beetle curls into a ball and begins rolling!
The boulder beetle hits you!!
Your body deteriorates!
You feel dopey.
The boulder beetle stops rolling and uncurls.
The boulder beetle bites you!!
Your body deteriorates!
You feel weakened.
You take 43 damage, and have 43/86 hp.
MASSIVE DAMAGE!!
You are too injured to fight recklessly!
You are too injured to fight recklessly!
You are too injured to fight recklessly!
You barely miss the boulder beetle. The boulder beetle bites you!!
* * * LOW HITPOINT WARNING * * *
Your body deteriorates!
You feel clumsy.
You take 24 damage, and have 19/86 hp.
MASSIVE DAMAGE!!
You slash the boulder beetle!
Your weapon exudes an aura of protection.
You claw the boulder beetle, but do no damage.
The boulder beetle is lightly wounded.
The boulder beetle bites you.
* * * LOW HITPOINT WARNING * * *
A demonic guardian appears!
You take 4 damage, and have 15/86 hp.
You hit the boulder beetle.
You claw the boulder beetle, but do no damage.
The boulder beetle is lightly wounded.
The boulder beetle bites you!
You die...

#.. #..# # ###..
#..# # ..... #..# #
.>...########>.# #
#...........# #
..h...#
#...........#######
.....)#
#.>................
......#
#..########..######
..H...# #4@# #..#
..T...# #.B# #..#
...D..# #..# #..#
......# #..# #..#
..<...# #..# #..#
#### ......# #..#
#..###..P $.....#
#..# #......P.
###...# #..#
#..P..♣.. ...#
#..♣♣....


You could see a boulder beetle (ally target) and a friendly rust devil
(summoned).

Vanquished Creatures
  A two-headed ogre (D:9)
  A deep elf pyromancer (D:9)
  2 manticores
  A gargoyle (D:10)
  A komodo dragon (D:8)
  2 trolls
  A shadow (D:10)
  3 wyverns
  A vampire (D:11)
  9 yaks
  A basilisk (D:11)
  A steam dragon (D:7)
  A warg (Orc:1)
  Menkaure (D:5)
  An acid dragon (D:10)
  6 water moccasins
  A hornet zombie (D:6)
  A sky beast (D:7)
  2 ice beasts (D:7)
  3 black bears
  3 wolves (D:11)
  3 ogres
  2 centaurs
  2 phantoms
  A kobold brigand (D:8)
  2 bullfrogs
  2 gnoll sergeants
  3 scorpions (D:6)
  A water moccasin zombie (D:6)
  2 necrophages
  4 wights (D:8)
  A wyvern skeleton (D:6)
  3 killer bees (D:10)
  2 bullfrog zombies (D:6)
  2 centaur zombies (D:6)
  2 hounds
  2 bullfrog skeletons (D:6)
  An orc priest (D:6)
  A jelly (D:6)
  3 gnoll boudas
  Terence (D:2)
  2 iguanas (D:6)
  3 orc wizards
  5 ogre zombies (D:10)
  8 mummies (Ossuary)
  2 howler monkey zombies (D:6)
  Robin (D:2)
  21 gnolls
  5 adders
  2 shadow imps
  A worm (D:2)
  A dart slug (D:3)
  15 orcs
  5 bats
  7 endoplasms
  3 giant cockroaches
  15 goblins
  6 hobgoblins
  3 jackals (D:1)
  2 quokkas
  3 ball pythons
  2 frilled lizards
  2 gnoll zombies (Ossuary)
  A goblin skeleton (D:10)
  A goblin zombie (D:10)
  3 hobgoblin zombies
  12 kobolds
  3 kobold zombies (Ossuary)
  14 orc zombies
  5 rats
236 creatures vanquished.

Vanquished Creatures (collateral kills)
  A troll (D:10)
  A water moccasin (D:9)
  A hornet zombie (D:6)
  An orc warrior (D:8)
  A gnoll sergeant (D:8)
  A wight (D:8)
  A bullfrog skeleton (D:6)
  An orc priest (D:10)
  3 ogre zombies (D:10)
  3 gnolls
  A white imp (D:7)
  A worm (D:2)
  2 orcs (D:8)
  A goblin skeleton (D:10)
  A goblin zombie (D:10)
  6 orc zombies (D:10)
26 creatures vanquished.

Vanquished Creatures (others)
  4 fungi (D:11)
  8 plants
  6 withered plants (D:8)
18 creatures vanquished.

Grand Total: 280 creatures vanquished

Notes
Turn   | Place    | Note
-------+----------+-------------------------------------------
     0 | D:1      | tatocazan the Demonspawn Fighter began the quest for the
                  | Orb.
     0 | D:1      | Reached XP level 1. HP: 18/18 MP: 1/1
    61 | D:1      | Found a faded altar of an unknown god.
    79 | D:1      | Gained mutation: You have sharp fingernails. [demonic
                  | ancestry]
    79 | D:1      | Reached XP level 2. HP: 22/24 MP: 2/2
   612 | D:1      | Gained mutation: A weak demonic guardian rushes to your
                  | aid. [demonic ancestry]
   612 | D:1      | Reached XP level 3. HP: 29/29 MP: 3/3
  1243 | D:2      | Noticed Terence
  1265 | D:2      | Killed Terence
  1497 | D:2      | Gained mutation: Your movements are slightly less
                  | encumbered by armour. (ER -2) [demonic ancestry]
  1497 | D:2      | Reached XP level 4. HP: 28/35 MP: 4/4
  1605 | D:2      | Found Acez's Armour Boutique.
  1785 | D:2      | Noticed Robin
  1810 | D:2      | Killed Robin
  2528 | D:3      | Reached XP level 5. HP: 37/42 MP: 5/5
  2706 | D:3      | Found a shimmering blue altar of Sif Muna.
  3079 | D:3      | Found a runed translucent gate.
  3079 | D:3      | Noticed Sabo's ghost (weakling DsIE)
  3080 | D:3      | Found a runed translucent gate.
  3080 | D:3      | Found a runed translucent gate.
  3250 | D:3      | Found a bloodstained altar of Trog.
  3624 | D:4      | Found a runed translucent door.
  3698 | D:4      | Noticed drpainis's ghost (amateur HOFi)
  3850 | D:4      | You fall into a shaft and drop 1 floor!
  3850 | D:5      | Entered Level 5 of the Dungeon
  3908 | D:5      | Gained mutation: A demonic guardian rushes to your aid.
                  | [demonic ancestry]
  3908 | D:5      | Reached XP level 6. HP: 27/48 MP: 6/6
  4279 | D:5      | Found a snail-covered altar of Cheibriados.
  4279 | D:5      | Found a radiant altar of Vehumet.
  4281 | D:5      | Found a shadowy altar of Dithmenos.
  4298 | D:5      | Became a worshipper of Cheibriados the Contemplative
  4342 | D:5      | Noticed Menkaure
  4346 | D:5      | Killed Menkaure
  4347 | D:5      | Reached skill level 1 in Invocations
  4651 | D:5      | Got Sif Muna's Starting Incantation
  4759 | D:5      | Reached skill level 2 in Invocations
  4769 | D:5      | Reached XP level 7. HP: 44/55 MP: 7/9
  4953 | D:6      | Reached skill level 3 in Invocations
  4973 | D:6      | Reached skill level 4 in Invocations
  5159 | D:6      | Reached skill level 5 in Fighting
  5561 | D:6      | Gained mutation: Your movements are less encumbered by
                  | armour. (ER -4) [demonic ancestry]
  5561 | D:6      | Reached XP level 8. HP: 51/62 MP: 11/11
  5691 | D:6      | Found a staircase to the Ecumenical Temple.
  5708 | D:6      | Reached skill level 5 in Invocations
  5725 | D:6      | Reached skill level 5 in Axes
  5727 | D:6      | Reached * piety under Cheibriados
  5992 | D:6      | Found a hazy altar of Hepliaklqana.
  6031 | D:6      | Reached skill level 5 in Armour
  6031 | D:6      | Reached skill level 6 in Invocations
  6644 | D:7      | Found a sand-covered staircase.
  6649 | Ossuary  | Entered an ossuary
  7049 | D:7      | Identified the +1 chain mail "Dafeothe" {rElec}
  7076 | D:7      | Reached skill level 7 in Invocations
  7354 | D:7      | Reached XP level 9. HP: 57/69 MP: 14/14
  7755 | D:7      | Reached ** piety under Cheibriados
  8121 | D:7      | Reached skill level 8 in Invocations
  8341 | D:7      | Noticed a +0 hand axe
  8342 | D:7      | Noticed a +0 hand axe
  8345 | D:7      | Found a hide-covered altar of Uskayaw.
  9254 | D:8      | Noticed a komodo dragon
  9266 | D:8      | Killed a komodo dragon
  9270 | D:8      | Reached skill level 9 in Invocations
  9901 | D:8      | Found an ancient bone altar of Kikubaaqudgha.
 10037 | D:8      | Reached XP level 10. HP: 74/77 MP: 17/17
 10363 | D:8      | Reached skill level 10 in Invocations
 10365 | D:8      | Reached *** piety under Cheibriados
 10916 | D:9      | Noticed a two-headed ogre
 10950 | D:9      | Noticed a deep elf pyromancer
 10952 | D:9      | Gained mutation: You have sharp toenails. [potion of
                  | mutation]
 10952 | D:9      | Gained mutation: Your body sometimes deteriorates upon
                  | taking damage. [potion of mutation]
 11352 | D:9      | Found a sparkling altar of Nemelex Xobeh.
 11418 | D:9      | Killed a deep elf pyromancer
 11718 | D:9      | Killed a two-headed ogre
 12295 | D:10     | Entered Level 10 of the Dungeon
 12373 | D:10     | Noticed a manticore
 12419 | D:9      | Reached skill level 11 in Invocations
 12692 | D:9      | Killed a manticore
 13270 | D:10     | Found a staircase to the Orcish Mines.
 13275 | D:10     | Reached **** piety under Cheibriados
 13385 | D:10     | Gained mutation: You have very sharp fingernails. [demonic
                  | ancestry]
 13385 | D:10     | Reached XP level 11. HP: 46/86 MP: 19/19
 14230 | D:10     | Reached skill level 12 in Invocations
 14488 | Orc:1    | Entered Level 1 of the Orcish Mines
 14488 | Orc:1    | Found Ikauvah's Armour Shop.
 14739 | Orc:1    | Found Nudaohe's General Store.
 14742 | Orc:1    | Bought a potion of heal wounds for 70 gold pieces
 15040 | D:11     | Found a staircase to the Lair.
 15050 | D:11     | Reached ***** piety under Cheibriados
 15408 | D:11     | Noticed a boulder beetle
 15413 | D:11     | Slain by a boulder beetle

Illustrated notes

Levels and vault maps discovered:
D:1:      nzn_arrival_water_spiral, layout_loops_ring,
          chequers_ecumenical_altar_simple, minmay_close_crescents
D:2:      layout_loops_corners, serial_shops, shop, uniq_robin, uniq_terence
D:3:      layout_loops_corners, lemuel_round_altar,
          nicolae_sif_muna_condensation, gammafunk_ghost_nasty_kobolds
D:4:      layout_basic, mainiacjoe_overflow_large_starburst,
          ebering_ghost_reflecting_pool, glass_columns_b
D:5:      layout_loops_cross, gammafunk_temple_overflow_forgotten,
          minmay_a_box_with_orc_wizards_in_it, uniq_menkaure
D:6:      layout_cave_pools, mainiacjoe_overflow_tiny_flanked,
          minmay_temple_entry_mist, serial_undead, serial_undead_b,
          serial_undead_d, serial_undead_d, serial_undead_d, serial_undead_a
D:7:      layout_loops_cross, dancing_weapons_uskayaw, serial_co_window_serial,
          co_window_paths_b, co_window_paths_a, co_window_paths_a,
          co_window_paths_b, co_window_paths_a, co_window_corner_b,
          co_window_broadway_a, co_window_cross_2, co_window_2corner,
          co_window_corner_b, co_window_cross_3, co_window_4corner_b,
          co_window_paths_e, glass_columns_a, glass_columns_b, enter_ossuary_2
D:8:      layout_layer_cave, kiku_gazebo_garden_becter
D:9:      layout_loops_cross, mainiacjoe_overflow_24_doors
D:10:     layout_layer_cave, zombieorc2_lemuel
D:11:     layout_long_grid, minmay_lair_entry_grove
Orc:1:    layout_caves, serial_shops, shop, nicolae_shop_behind_doors,
          library_closet

Skill      XL: |  1  2  3  4  5  6  7  8  9 10 11 |
---------------+----------------------------------+-----
Axes           | 2 3 4 6 7 9 |  9.6
Shields        | 3 4 |  4.8
Armour         | 3 4 5 6 7 |  7.5
Fighting       | 4 5 6 7 8 |  8.1
Invocations    | 2 4 7 9 11 12 | 12.2

Action                   |  1- 3 |  4- 6 |  7- 9 | 10-12 || total
-------------------------+-------+-------+-------+-------++-------
Melee: War axe           |   125 |   174 |   335 |   220 ||   854
       Kick              |       |       |       |    68 ||    68
Throw: Dart              |       |       |       |    10 ||    10
Invok: Bend Time         |       |       |       |     1 ||     1
Evoke: Wand              |       |     1 |       |     8 ||     9
  Use: Scroll            |       |    10 |     2 |     2 ||    14
       Potion            |       |       |     1 |     3 ||     4
 Stab: Distracted        |       |       |     1 |       ||     1
Armor: Scale mail        |    65 |       |       |       ||    65
       Chain mail        |       |   102 |   222 |     1 ||   325
       Plate armour      |       |       |       |   181 ||   181
Dodge: Dodged            |    64 |    59 |   158 |   125 ||   406
Block: Buckler           |    29 |    37 |   116 |   103 ||   285

Table legend: (Time is in decaauts)
 A = Elapsed time spent in this place.
 B = Non-inter-level travel time spent in this place.
 C = Inter-level travel time spent in this place.
 D = Time resting spent in this place.
 E = Time spent auto-exploring this place.
 F = Levels seen in this place.
 G = Mean time per level.
                   A        B        C        D        E       F      G
               +--------+--------+--------+--------+--------+-----+--------+
         Total |  18530 |  17959 |    571 |   4165 |  11684 |  13 | 1425.4 |
       Dungeon |  17519 |  17024 |    495 |   4165 |  10871 |  11 | 1592.6 |
  Orcish Mines |    569 |    494 |     75 |      0 |    474 |   1 |  569.0 |
       Ossuary |    440 |    440 |      0 |      0 |    338 |   1 |  440.0 |
               +--------+--------+--------+--------+--------+-----+--------+

Top non-repeatable levels by time:
     D:7: 2673 daAuts
    D:10: 2535 daAuts
     D:8: 2318 daAuts
     D:9: 2248 daAuts
     D:6: 1882 daAuts
     D:2: 1314 daAuts
     D:5: 1220 daAuts
     D:1: 1116 daAuts
     D:3: 1019 daAuts
    D:11: 683 daAuts
   Orc:1: 569 daAuts
     D:4: 505 daAuts
 Ossuary: 440 daAuts
